 Dungeon Sprint DCSS version 0.23.2-30-g0e89c35649 (webtiles) character file.

Game seed: 16074434273173376948

13700000 Aldia the Axe Maniac (level 27, -97/199 HPs)
             Began as a Gargoyle Warper on June 14, 2019.
             Was the Champion of Makhleb.
             Annihilated by The Servant
             ... wielding a +9 glaive of flaming
              (147 damage)
             ... in the Dungeon (Sprint VIII: "Arena of Blood").
             The game lasted 00:04:28 (137 turns).

Aldia the Axe Maniac (Gargoyle Warper)               Turns: 137, Time: 00:04:28

Health: -97/199    AC: 27    Str: 16    XL:     27
Magic:  48/54      EV: 33    Int: 17    God:    Makhleb [******]
Gold:   0          SH:  0    Dex: 18    Spells: 80/80 levels left

rFire    . . .     SeeInvis +   b - +∞ Axe of Woe
rCold    . . .     Gourm    .   (shield currently unavailable)
rNeg     + . .     Faith    .   a - +0 leather armour
rPois    ∞         Spirit   .   (no helmet)
rElec    +         Reflect  .   (no cloak)
rCorr    .         Harm     .   (no gloves)
MR       ++...     NoTele   +   (no boots)
Stlth    +++++++++.             (no amulet)
HPRegen  0.43/turn              k - ring of see invisible
MPRegen  0.34/turn              (no ring)

@: flying, very slightly contaminated, slowed, very slow
A: big wings, negative energy resistance 1, electricity resistance, unbreathing,
petrification resistance, rot immunity, AC +20
a: Stop Flying, Minor Destruction, Lesser Servant of Makhleb, Major Destruction,
Greater Servant of Makhleb, Renounce Religion


You were in the Dungeon.
You worshipped Makhleb.
Makhleb was exalted by your worship.
You were not hungry.

You visited 1 branch

Inventory:

Hand Weapons
 b - the +∞ Axe of Woe (weapon)
   (You found it in the Dungeon)
Missiles
 d - 5 tomahawks of dispersal (quivered)
Armour
 a - a +0 leather armour (worn)
Jewellery
 k - a ring of see invisible (left hand)
Scrolls
 c - a scroll of blinking
Potions
 e - a potion of curing
 g - a potion of heal wounds
 h - a potion of haste
 i - 2 potions of magic
 j - a potion of berserk rage
Comestibles
 f - a ration


   Skills:
 O Level 27 Fighting
 O Level 27 Axes
 O Level 27 Throwing
 O Level 27 Armour
 O Level 27 Dodging
 O Level 27 Stealth
 O Level 27 Unarmed Combat
 O Level 27 Spellcasting
   Level 2.6 Translocations
 O Level 27 Invocations


You had 80 spell levels left.
You didn't know any spells.
Your spell library contained the following spells:

 Spells                   Type           Power        Failure   Level  Hunger
 Blink                    Tloc           N/A          1%          2    None
 Shroud of Golubria       Chrm/Tloc      ####......   1%          2    None
 Gell's Gravitas          Tloc           ####......   1%          3    None
 Lesser Beckoning         Tloc           ####......   1%          3    None
 Teleport Other           Tloc           ####....     1%          3    None
 Passage of Golubria      Tloc           N/A          5%          4    None


Dungeon Overview and Level Annotations

Branches:
Dungeon (1/1)

Altars:
Makhleb

Annotations:
D The Servant


Innate Abilities, Weirdness & Mutations

You are resistant to torment.
Your stone body is resilient. (AC +20)
You are immune to poison.
Your large and strong wings let you fly indefinitely.
You resist negative energy. (rN+)
You are resistant to electric shocks. (rElec)
You can survive without breathing.
You are immune to petrification.
You are immune to rotting.


Message History

A crawling corpse comes into view.
Blink to where?
Press: ? - help, Dir - move target cursor You are very lightly contaminated with residual magic.
As you read the scroll of blinking, it crumbles to dust.
A hydra, a great orb of eyes, 7 orcs, 2 ogres, 2 hell knights, 2 crawling corpses, 2 skeletal warriors and a lich come into view.
The meat berserker shouts!
The bag of meat shouts!
You hear a howl!
The fleshlord shouts!
The bag of meat shouts!
The observer turns its gaze towards you.
You hear a shout!
The meat berserker shouts!
The observer gazes at you. Something smites you!
* * * LOW HITPOINT WARNING * * *
You hear a shout! x4
The bag of meat hits you but does no damage.
The observer pulsates ominously.
A large bag of meat comes into view. It is wielding a +9 giant spiked club.
The Servant hits you with a +9 glaive of flaming!!!!!
Ouch! That really hurt!
You die...

.........###...... O..
..#.....x.)_....... O.
#.....%.#)))..#
###.z...ooG..#_)<)_#..
#.o..#zo2..x.#.)..V#..
.......#p..%.))☼_......
o....oo.L...)L)###......
....xO...%###°)...%.###.
...Dp.@@....#))...z.#..
......o...%.#%))o...#...
...#....o....W)).S.%....
. #.#.#......%..%.......
..#.#......zG)).%.p...
.. .#.#...oxO)X)M...%##.
. .#.#..zoo#§D§W.%..#...
......%.o%2)°)Wx...#...
....p.)##)#§§.x..%...


You could see a meat beast, a tyrant (wandering), a reaper, The Servant, 2
eight-headed meat hydras, 2 observers, 2 fleshlords, 4 sculptors of flesh, a
large bag of meat (inner flame), a large abomination, a dread, 3 meat
berserkers, 12 bags of meat and 4 crawling corpses.

Vanquished Creatures
  7 hell knights (D)
  5 hell beasts (D)
  9 greater mummies (D)
  A great orb of eyes (D)
  5 wraiths (D)
  13 vampire knights (D)
  38 ogres (D)
  10 two-headed ogres (D)
  10 liches (D)
  4 hydras (D)
  61 orcs (D)
  5 phantoms (D)
  6 skeletal warriors (D)
  A sea snake (D)
  5 large abominations (D)
  10 small abominations (D)
  5 crawling corpses (D)
195 creatures vanquished.

Vanquished Creatures (others)
  An ogre (D)
  An orc (D)
  A small abomination (D)
  5 crawling corpses (D)
8 creatures vanquished.

Grand Total: 203 creatures vanquished

Notes
Turn   | Place    | Note
-------+----------+-------------------------------------------
     0 | D        | Found the +∞ Axe of Woe
     0 | D        | Aldia the Gargoyle Warper began the quest for the Orb.
     0 | D        | Reached XP level 1. HP: 12/12 MP: 3/3
     3 | D        | Noticed a meat berserker
     4 | D        | Became a worshipper of Makhleb the Destroyer
     4 | D        | Noticed a meat berserker
     5 | D        | Killed a meat berserker
     5 | D        | Reached XP level 2. HP: 17/17 MP: 5/5
     5 | D        | Reached XP level 3. HP: 21/21 MP: 6/6
     5 | D        | Reached XP level 4. HP: 26/26 MP: 7/7
     5 | D        | Reached XP level 5. HP: 30/30 MP: 8/8
     5 | D        | Reached XP level 6. HP: 35/35 MP: 9/9
     5 | D        | Reached XP level 7. HP: 40/40 MP: 10/10
     5 | D        | Reached XP level 8. HP: 44/44 MP: 11/11
     5 | D        | Reached XP level 9. HP: 48/48 MP: 12/12
     5 | D        | Reached XP level 10. HP: 53/53 MP: 13/13
     5 | D        | Reached XP level 11. HP: 57/57 MP: 14/14
     5 | D        | Reached XP level 12. HP: 62/62 MP: 15/15
     5 | D        | Reached XP level 13. HP: 66/66 MP: 16/16
     5 | D        | Killed a meat berserker
     5 | D        | Reached * piety under Makhleb
     5 | D        | Gained mutation: Your large and strong wings let you fly
                  | indefinitely. [Gargoyle growth]
     5 | D        | Reached XP level 14. HP: 72/72 MP: 17/17
     5 | D        | Noticed a bag of meat
     6 | D        | Noticed a meat berserker
     6 | D        | Noticed a bag of meat
     6 | D        | Noticed a meat berserker
     7 | D        | Noticed a bag of meat
     8 | D        | Noticed a bag of meat
    10 | D        | Killed a meat berserker
    10 | D        | Reached skill level 15 in Fighting
    10 | D        | Reached skill level 27 in Axes
    10 | D        | Reached XP level 15. HP: 34/103 MP: 14/18
    10 | D        | Noticed a meat berserker
    12 | D        | Reached XP level 16. HP: 38/114 MP: 14/19
    13 | D        | Killed a meat berserker
    13 | D        | Reached ** piety under Makhleb
    13 | D        | Reached skill level 10 in Invocations
    15 | D        | Reached XP level 17. HP: 45/131 MP: 15/26
    16 | D        | Killed a meat berserker
    16 | D        | Reached skill level 15 in Invocations
    16 | D        | Reached *** piety under Makhleb
    16 | D        | Reached XP level 18. HP: 109/144 MP: 15/30
    16 | D        | Reached skill level 27 in Fighting
    16 | D        | Reached skill level 27 in Dodging
    17 | D        | Noticed a meat berserker
    19 | D        | Reached **** piety under Makhleb
    20 | D        | Noticed a meat berserker
    20 | D        | Noticed a large bag of meat
    21 | D        | Noticed a meat berserker
    21 | D        | Noticed a meat berserker
    22 | D        | Noticed a large bag of meat
    22 | D        | Noticed a destroyer
    22 | D        | Noticed a meat berserker
    23 | D        | Killed a meat berserker
    23 | D        | Reached skill level 27 in Invocations
    23 | D        | Reached XP level 19. HP: 151/151 MP: 16/36
    24 | D        | Killed a meat berserker
    24 | D        | Reached skill level 27 in Armour
    24 | D        | Reached skill level 5 in Throwing
    24 | D        | Reached skill level 5 in Spellcasting
    24 | D        | Killed a meat berserker
    24 | D        | Reached XP level 20. HP: 157/157 MP: 17/37
    26 | D        | Killed a large bag of meat
    26 | D        | Reached skill level 15 in Stealth
    26 | D        | Killed a meat berserker
    26 | D        | Reached ***** piety under Makhleb
    26 | D        | Reached XP level 21. HP: 163/163 MP: 17/44
    26 | D        | Noticed a large bag of meat
    26 | D        | Noticed a large bag of meat
    26 | D        | Noticed a meat berserker
    27 | D        | Killed a destroyer
    28 | D        | Reached XP level 22. HP: 169/169 MP: 18/52
    28 | D        | Noticed a destroyer
    29 | D        | Noticed a destroyer
    30 | D        | Killed a large bag of meat
    30 | D        | Reached ****** piety under Makhleb
    30 | D        | Reached skill level 27 in Throwing
    30 | D        | Reached skill level 27 in Stealth
    30 | D        | Reached skill level 27 in Spellcasting
    30 | D        | Reached XP level 23. HP: 175/175 MP: 18/54
    30 | D        | Noticed a destroyer
    30 | D        | Noticed a large bag of meat
    31 | D        | Reached skill level 27 in Unarmed Combat
    31 | D        | Noticed a destroyer
    33 | D        | Noticed a destroyer
    33 | D        | Killed a destroyer
    33 | D        | Reached XP level 24. HP: 181/181 MP: 19/54
    33 | D        | Killed a destroyer
    33 | D        | Reached XP level 25. HP: 187/187 MP: 19/54
    35 | D        | Reached XP level 26. HP: 193/193 MP: 19/54
    35 | D        | Killed a large bag of meat
    35 | D        | Noticed a destroyer
    35 | D        | Noticed a destroyer
    37 | D        | Killed a large bag of meat
    37 | D        | Reached XP level 27. HP: 199/199 MP: 20/54
    38 | D        | Noticed a destroyer
    39 | D        | Noticed a destroyer
    40 | D        | Killed a destroyer
    42 | D        | Killed a large bag of meat
    42 | D        | Killed a destroyer
    43 | D        | Killed a destroyer
    44 | D        | Noticed an accursed
    44 | D        | Noticed an accursed
    45 | D        | Killed a destroyer
    47 | D        | Noticed a tyrant
    47 | D        | Killed a destroyer
    48 | D        | Killed an accursed
    49 | D        | Noticed a tyrant
    51 | D        | Noticed a tyrant
    58 | D        | Noticed an accursed
    58 | D        | Noticed a tyrant
    60 | D        | Noticed a large bag of meat
    62 | D        | Killed a tyrant
    62 | D        | Noticed a tyrant
    64 | D        | Killed a tyrant
    64 | D        | Killed a tyrant
    64 | D        | Noticed a destroyer
    66 | D        | Noticed a meat beast
    67 | D        | Noticed a dread
    67 | D        | Killed an accursed
    68 | D        | Noticed a dread
    69 | D        | Killed an accursed
    70 | D        | Killed a destroyer
    70 | D        | Killed a meat beast
    70 | D        | Noticed a meat beast
    71 | D        | Killed a large bag of meat
    72 | D        | Noticed an accursed
    73 | D        | Killed a dread
    73 | D        | Noticed a meat beast
    74 | D        | Killed a dread
    76 | D        | Noticed a large bag of meat
    78 | D        | Killed a meat beast
    78 | D        | Killed a meat beast
    79 | D        | Killed a tyrant
    80 | D        | Noticed a dread
    81 | D        | Killed a large bag of meat
    81 | D        | Noticed a destroyer
    86 | D        | Killed a destroyer
    87 | D        | Noticed a tyrant
    87 | D        | Noticed a tyrant
    88 | D        | Noticed a dread
    89 | D        | Noticed a tyrant
    94 | D        | Noticed a large bag of meat
    95 | D        | Noticed an accursed
    96 | D        | Killed a tyrant
    96 | D        | Killed an accursed
    97 | D        | Killed a dread
    97 | D        | Noticed a meat beast
    98 | D        | Noticed a tyrant
    99 | D        | Killed a destroyer
    99 | D        | Noticed a meat beast
   100 | D        | Noticed a large bag of meat
   100 | D        | Noticed an accursed
   102 | D        | Noticed an accursed
   106 | D        | Killed a tyrant
   106 | D        | Killed a tyrant
   107 | D        | Killed a large bag of meat
   108 | D        | Noticed a dread
   109 | D        | Killed a dread
   111 | D        | Noticed a destroyer
   112 | D        | Killed an accursed
   112 | D        | Noticed a tyrant
   113 | D        | Killed a tyrant
   114 | D        | Killed a meat beast
   114 | D        | Killed a dread
   114 | D        | Killed a destroyer
   116 | D        | Killed a tyrant
   116 | D        | Killed an accursed
   117 | D        | Killed a meat beast
   117 | D        | Noticed an accursed
   119 | D        | Noticed an accursed
   120 | D        | Noticed an accursed
   121 | D        | Noticed a dread
   123 | D        | Noticed a fleshlord
   123 | D        | Killed a tyrant
   123 | D        | Noticed a fleshlord
   123 | D        | Noticed a fleshlord
   124 | D        | Killed a large bag of meat
   124 | D        | Noticed a fleshlord
   124 | D        | Noticed a destroyer
   125 | D        | Noticed a fleshlord
   126 | D        | Noticed a large bag of meat
   127 | D        | Noticed a fleshlord
   127 | D        | Noticed a dread
   128 | D        | Killed a fleshlord
   128 | D        | Killed a fleshlord
   128 | D        | Noticed a dread
   130 | D        | Noticed a fleshlord
   131 | D        | Killed a destroyer
   131 | D        | Killed an accursed
   131 | D        | Noticed a dread
   133 | D        | Killed an accursed
   134 | D        | Killed a large bag of meat
   134 | D        | Killed a fleshlord
   135 | D        | Killed a fleshlord
   135 | D        | Killed a fleshlord
   135 | D        | Noticed a fleshlord
   135 | D        | Noticed a fleshlord
   136 | D        | Killed an accursed
   136 | D        | Killed a fleshlord
   136 | D        | Killed a fleshlord
   136 | D        | Noticed The Servant
   137 | D        | Noticed a fleshlord
   137 | D        | Noticed a tyrant
   137 | D        | Noticed a fleshlord
   137 | D        | Noticed a large bag of meat
   137 | D        | Annihilated by The Servant

Skill      XL: |  1  2  3  4  5  6  7  8  9 10 11 12 13 14 15 16 17 18 19 20 21 22 23 |
---------------+----------------------------------------------------------------------+-----
Axes           | 23 26 27 | 27.0
Dodging        | 16 18 21 22 24 26 27 | 27.0
Fighting       | 15 18 23 26 27 | 27.0
Invocations    | 12 16 27 | 27.0
Armour         | 21 27 | 27.0
Throwing       | 13 19 26 27 | 27.0
Stealth        | 12 18 24 27 | 27.0
Spellcasting   | 13 19 26 27 | 27.0
Unarmed Combat | 26 27 | 27.0
Translocations | |  2.6

Action                   |  1- 3 |  4- 6 |  7- 9 | 10-12 | 13-15 | 16-18 | 19-21 | 22-24 | 25-27 || total
-------------------------+-------+-------+-------+-------+-------+-------+-------+-------+-------++-------
Melee: Executioner's axe |     1 |       |       |       |     2 |     5 |     4 |     3 |    73 ||    88
Invok: Greater Servant o |       |       |       |       |       |       |       |       |     1 ||     1
 Abil: Fly               |       |       |       |       |     1 |       |       |       |       ||     1
  Use: Scroll            |       |       |       |       |       |       |       |       |     1 ||     1
Armor: Leather armour    |       |       |       |       |       |       |       |     2 |    16 ||    18
Dodge: Dodged            |       |       |       |       |       |       |       |     1 |    16 ||    17
